 Dungeon Crawl Stone Soup version 0.28.0 (webtiles) character file.

Game seed: 10570996370970298390

4 pkoi the Conjurer (level 1, -3/14 HPs)
             Began as a Draconian Conjurer on Feb 8, 2022.
             Succumbed to a goblin's poison
             ... on level 2 of the Dungeon.
             The game lasted 00:00:35 (254 turns).

pkoi the Conjurer (Draconian Conjurer)               Turns: 254, Time: 00:00:36

Health: -3/14      AC:  4    Str:  9    XL:     1   Next: 50%
Magic:  0/3        EV: 12    Int: 18    God:
Gold:   0          SH:  0    Dex:  9    Spells: 3/4 levels left

rFire   . . .      SeeInvis .   c - +0 mace
rCold   . . .      Faith    .   (no shield)
rNeg    . . .      Spirit   .   (armour unavailable)
rPois   .          Reflect  .   (helmet restricted)
rElec   .          Harm     .   (no cloak)
rCorr   .          Rampage  .   (no gloves)
Will    .....                   (no boots)
Stlth   ++........              (no amulet)
HPRegen 0.04/turn               (no ring)
MPRegen 0.08/turn               (no ring)

@: lethally poisoned (-3 -> -28), very slightly contaminated
A: AC +4, unfitting armour, cold-blooded
a: no special abilities


You were on level 2 of the Dungeon.
You visited 1 branch of the dungeon, and saw 2 of its levels.

Inventory:

Hand Weapons
 c - a +0 mace (weapon)
Potions
 a - a potion of might {unknown}
 b - 2 potions of heal wounds {unknown}
 d - a potion of ambrosia {unknown}


   Skills:
 - Level 1.7 Dodging
 - Level 1.7 Stealth
 - Level 2.0 Spellcasting
 + Level 4.2 Conjurations


You had 3 spell levels left.
You knew the following spells:

 Your Spells              Type           Power      Damage    Failure   Level
a - Magic Dart            Conj           68%        1d6       3%          1

Your spell library contained the following spells:

 Spells                   Type           Power      Damage    Failure   Level
 Searing Ray              Conj           34%        2d5       4%          2
 Dazzling Flash           Conj/Hex       18%        N/A       22%         3
 Fulminant Prism          Conj/Hex       4%         3d6       58%         4
 Iskenderun's Mystic Bla  Conj/Tloc      9%         2d4       58%         4


Dungeon Overview and Level Annotations

Branches:
Dungeon (1/15)

Altars:

Shops:
D:1 (


Innate Abilities, Weirdness & Mutations

Your plain brown scales are hard. (AC +4)
You cannot fit into any form of body armour.
You are cold-blooded and may be slowed by cold attacks.


Message History

Aiming: Magic Dart (safe; 3% risk of failure)
Press: ? - help, Q - select action Shift-Dir - straight line, f - goblin
Aim: a goblin, wielding a +0 dagger of venom (100% to hit)
The magic dart hits the goblin.
The goblin is moderately wounded.
The goblin barely misses you.
Aiming: Magic Dart (safe; 3% risk of failure)
Press: ? - help, Q - select action Shift-Dir - straight line, f/p - goblin
Aim: a goblin, wielding a +0 dagger of venom (moderately wounded, 100% to hit)
You miscast Magic Dart.
You are very lightly contaminated with residual magic.
Nothing appears to happen.
The goblin hits you with a +0 dagger of venom.
You are poisoned.
Aiming: Magic Dart (safe; 3% risk of failure)
Press: ? - help, Q - select action Shift-Dir - straight line, f/p - goblin
Aim: a goblin, wielding a +0 dagger of venom (moderately wounded, 100% to hit)
The magic dart hits the goblin.
The goblin is severely wounded.
You feel sick. The goblin closely misses you.
You barely miss the goblin.
The goblin is severely wounded.
* * * LOW HITPOINT WARNING * * *
You feel very sick. The goblin misses you.
You closely miss the goblin.
The goblin is severely wounded.
You feel sick. The goblin barely misses you.
Unknown command.
You closely miss the goblin. Your punch misses the goblin.
The goblin is severely wounded.
You feel sick. The goblin hits you but does no damage.
You are lethally poisoned!
The goblin hits you with a +0 dagger of venom.
* * * LOW HITPOINT WARNING * * *
You are more poisoned.
You closely miss the goblin.
The goblin is severely wounded.
Ouch! That really hurt!
You die...

#.# #.# #.# ##
#.# .. #.# .#
#.# .#
#.#####g#####
#.....@.....#
#######.###...
.# .. ###


You could see a goblin.

Vanquished Creatures
  3 jackals (D:1)
3 creatures vanquished.

Notes
Turn   | Place    | Note
-------+----------+-------------------------------------------
     0 | D:1      | pkoi the Draconian Conjurer began the quest for the Orb.
     0 | D:1      | Reached XP level 1. HP: 14/14 MP: 3/3
   226 | D:1      | Found Noiwekh's Weapon Shop.
   242 | D:1      | You fall into a shaft and drop 1 floor!
   254 | D:2      | Succumbed to a goblin's poison

Illustrated notes

Levels and vault maps discovered:
D:1:      onia_arrival_pyramid, layout_basic, serial_rivers,
          chequers_serial_rivers_small_b, chequers_serial_rivers_room_a,
          chequers_serial_rivers_large_b, chequers_serial_rivers_micro_d,
          chequers_serial_rivers_micro_b, chequers_serial_rivers_small_a,
          hellmonk_ecumenical_altar_lost_god, serial_shops, shop
D:2:      layout_loops_corners, basic_altar

Action                   || total
-------------------------++-------
Melee: Mace              ||    16
       Tailslap          ||     2
 Cast: Magic Dart        ||     7
Armor: Skin              ||     9
Dodge: Dodged            ||    12
